 Dungeon Crawl Stone Soup version 0.30.0-5-g1a98f26d00 (webtiles) character file.

Game seed: 1708580229670320049

168 monsoonserge the Gusty (level 5, 0/28 HPs)
             Began as a Tengu Air Elementalist on May 9, 2023.
             Shot with an arrow by a centaur (12 damage)
             ... on level 3 of the Dungeon.
             The game lasted 00:10:08 (2314 turns).

monsoonserge the Gusty (Tengu Air Elementalist)     Turns: 2314, Time: 00:10:08

Health: 0/28       AC:  4    Str:  8    XL:     5   Next: 48%
Magic:  8/9        EV: 15    Int: 18    God:
Gold:   229        SH:  0    Dex: 14    Spells: 3/8 levels left

rFire   . . .        n - +0 short sword
rCold   + . .        (no shield)
rNeg    . . .        w - +2 robe {rC+}
rPois   .            (helmet restricted)
rElec   .            (no cloak)
rCorr   .            (no gloves)
SInv    .            (boots unavailable)
Will    .....        (no amulet)
Stlth   ++           (no ring)
HPRegen 0.24/turn    (no ring)
MPRegen 0.11/turn

%: no passive effects
@: flying quickly and evasively, quick
A: beak, talons 3, nimble flight
a: no special abilities


You were on level 3 of the Dungeon.
You visited 1 branch of the dungeon, and saw 3 of its levels.

You collected 229 gold pieces.

Inventory:

Hand Weapons
 n - a +0 short sword (weapon)
Missiles
 d - 9 boomerangs (quivered)
 o - 5 poisoned darts
 q - 6 datura-tipped darts
Armour
 w - a +2 robe of cold resistance (worn)
Jewellery
 e - an amulet of faith
 g - a ring of ice
Wands
 c - a wand of flame (16)
Scrolls
 a - a scroll of enchant armour {unknown}
 f - a scroll of amnesia {unknown}
 k - a scroll of enchant weapon {unknown}
 l - 3 scrolls of identify {unknown}
 m - a scroll of noise {unknown}
 s - 3 scrolls of summoning {unknown}
 t - a scroll of fear {unknown}
 u - a scroll of silence {unknown}
Potions
 b - a potion of magic
 h - 2 potions of curing {unknown}
 i - a potion of haste {unknown}
 j - a potion of lignification {unknown}
 p - 2 potions of brilliance {unknown}
 r - a potion of attraction {unknown}
 v - 2 potions of mutation {unknown}
 x - a potion of resistance {unknown}


   Skills:
 + Level 0.4 Fighting
 + Level 1.3 Short Blades
 + Level 0.1 Throwing
 + Level 3.1 Dodging
 - Level 2.0 Stealth
 - Level 2.0 Spellcasting
 * Level 3.7 Conjurations
 + Level 6.0 Air Magic


You had 3 spell levels left.
You knew the following spells:

 Your Spells              Type           Power      Damage    Failure   Level
a - Shock                 Conj/Air       76%        1d7       2%          1
b - Airstrike             Air            11%        2d(2-18)  16%         4

Your spell library contained the following spells:

 Spells                   Type           Power      Damage    Failure   Level
 Static Discharge         Conj/Air       38%        2-4/arc   3%          2
 Swiftness                Air            23%        N/A       4%          3
 Hailstorm                Conj/Ice       8%         3d4       26%         3
 Ice Form                 Ice/Tmut       1%         N/A       87%         4
 Simulacrum               Ice/Necr       0%         N/A       100%        6


Dungeon Overview and Level Annotations

Branches:
Dungeon (3/15)

Altars:

Shops:
D:1 ?

Annotations:
D:3 Ijyb


Innate Abilities, Weirdness & Mutations

You have a beak for a mouth.
You have claws for feet.
Your magical nature lets you fly swiftly and evasively.


Message History

Your Air Magic skill increases to level 6!
Found a stone staircase leading up.
c - a wand of flame (16)
You see here the felid corpse of Natasha.
HP restored.
Magic restored.
x - a brown potion You see here a +0 ring mail.
Found a leather armour.
This spell is extremely dangerous to cast!
Memorise Airstrike, consuming 4 spell levels and leaving 3?
You start memorising the spell.
You continue memorising. x4
You finish memorising.
Spell assigned to 'b'.
You see here a +0 leather armour.
v - 2 yellow potions (gained 1)
A rat comes into view.
You see here a fizzy inky potion.
p - 2 fizzy inky potions (gained 1)
Casting: Shock (safe; 2% risk of failure)
Confirm with . or Enter, or press ? or * to list all spells.
Aiming: Shock (safe; 2% risk of failure)
Press: ? - help, Shift-Dir - straight line, f - rat
Aim: a rat (71% to hit)
The zap misses the rat.
Casting: Shock (safe; 2% risk of failure)
Confirm with . or Enter, or press ? or * to list all spells.
Aiming: Shock (safe; 2% risk of failure)
Press: ? - help, Shift-Dir - straight line, f/p - rat
Aim: a rat (71% to hit)
The zap hits the rat.
You kill the rat!
Ijyb and a centaur come into view.
Ijyb is wielding a +0 club and carrying a wand of flame (25).
Ijyb shouts!
The centaur shouts!
The centaur wields a +0 shortbow.
The centaur shoots an arrow.
The arrow hits you!
Ijyb zaps a wand.
The puff of flame hits you.
The centaur shoots an arrow.
The arrow hits you.
The centaur shoots an arrow.
The arrow closely misses you.
The centaur shoots an arrow.
The arrow hits you!
You die...

........#.# .# ##.#.......
....[...#.####.#
####..#.....c.
.##.###........#
#.c..##......g .#..#
##.[....## #.#### ##.####
.#.## #.......## ##.# .#
.#.####........# #.[# #
.........#.##..###.##
.........#....###..######
.........#..#.#.@.........
..††............#######.##
.#####.#..##....#
#...####..## . ..........#
# ##...#..... . .....<....
# .......... .#.#.......


You could see a centaur.

Vanquished Creatures
  Terence (D:2)
  Natasha (thrice) (D:3)
  3 adders (D:2)
  A worm (D:2)
  2 dart slugs
  2 ball pythons (D:2)
  5 endoplasms
  2 giant cockroaches (D:1)
  5 goblins
  3 hobgoblins
  A quokka (D:1)
  3 bats
  4 frilled lizards
  3 kobolds
  3 rats
41 creatures vanquished.

Notes
Turn   | Place    | Note
-------+----------+-------------------------------------------
     0 | D:1      | monsoonserge the Tengu Air Elementalist began the quest for
                  | the Orb.
     0 | D:1      | Reached XP level 1. HP: 10/10 MP: 4/4
   241 | D:1      | Found Epsorenn's Magic Scroll Shoppe.
   374 | D:1      | Reached XP level 2. HP: 15/15 MP: 3/6
  1025 | D:2      | Reached XP level 3. HP: 13/19 MP: 3/7
  1231 | D:2      | Reached skill level 5 in Air Magic
  1477 | D:2      | Reached XP level 4. HP: 24/24 MP: 1/8
  1643 | D:2      | Noticed Terence
  1652 | D:2      | Killed Terence
  2081 | D:3      | Reached skill level 1 in Short Blades
  2151 | D:3      | Noticed Natasha
  2156 | D:3      | Killed Natasha
  2157 | D:3      | Gained mutation: Your magical nature lets you fly swiftly
                  | and evasively. [Tengu growth]
  2157 | D:3      | Reached XP level 5. HP: 22/28 MP: 5/9
  2158 | D:3      | Noticed Natasha
  2161 | D:3      | Killed Natasha
  2213 | D:3      | Noticed Natasha
  2218 | D:3      | Killed Natasha
  2219 | D:3      | Reached skill level 6 in Air Magic
  2286 | D:3      | Learned a level 4 spell: Airstrike
  2304 | D:3      | Noticed Ijyb
  2304 | D:3      | Noticed a centaur
  2314 | D:3      | Shot with an arrow by a centaur

Illustrated notes

Levels and vault maps discovered:
D:1:      dpeg_arrival_water_fire, layout_loops_ring, serial_shops,
          nicolae_diamond_shop
D:2:      layout_loops_ring, minmay_gold_behind_fungi, uniq_terence
D:3:      layout_rooms, old_standard_altar, uniq_ijyb, uniq_natasha

Skill      XL: |  1  2  3  4  5 |
---------------+----------------+-----
Conjurations   | 2 3 |  3.7
Air Magic      | 5 6 |  6.0
Short Blades   | 1 |  1.3
Dodging        | 3 |  3.1
Fighting       | |  0.4
Throwing       | |  0.1
Stealth        | |  2.0
Spellcasting   | |  2.0

Action                     |  1- 3 |  4- 6 || total
---------------------------+-------+-------++-------
  Melee: Unarmed           |     1 |       ||     1
         Short sword       |    15 |     7 ||    22
         Kick              |     7 |     1 ||     8
         Dagger            |     2 |       ||     2
         Peck              |     2 |       ||     2
  Throw: Boomerang         |     2 |       ||     2
   Cast: Shock             |    52 |    26 ||    78
 Armour: Robe              |     6 |       ||     6
  Dodge: Dodged            |    15 |     4 ||    19
